Map: Apotheosis LE

Players

Dead

  • Race: Terran Terran
  • League: Gold
  • Spawn Location: 11:00

Fropez - Winner!

  • Race: Protoss Protoss
  • League: Gold
  • Spawn Location: 5:00

VOD

Have the link to the VOD?

Description

Time

  • Played on: Sept. 9, 2016, 7:42 p.m.
  • Length: 8:40
Show
View Real Time Build Order
Export as new Build Order

Dead Terran 

Build Orders:  

Get SALT Encoding   

  12  0:01  SCV  
  13  0:13  SCV  
  14  0:19  Supply Depot  
  14  0:25  SCV  
  15  0:41  SCV  
  15  0:42  Barracks  
  16  0:53  SCV  
  17  0:57  Supply Depot  
  17  1:07  SCV  
  18  1:13  Refinery  
  18  1:20  SCV  
  19  1:29  Marine  
  19  1:32  Orbital Command  
  20  1:54  Command Center  
  20  1:58  SCV  
  21  2:11  Barracks  
  21  2:13  SCV  
  22  2:19  Factory  
  22  2:25  SCV  
  22  2:26  Marine  
  25  2:37  SCV  
  25  2:41  Supply Depot  
  25  2:47  Refinery  
  25  2:49  Marine, SCV  
  26  3:00  Barracks Reactor  
  26  3:01  SCV  
  27  3:06  Widow Mine  
  29  3:13  Orbital Command  
  29  3:17  SCV  
  30  3:21  Barracks Tech Lab  
  30  3:36  Orbital Command, Widow Mine  
  30  3:37  Starport  
  30  3:38  Marine x2  
  30  3:41  Marauder  
  36  3:47  Concussive Shells  
  36  3:49  SCV  
  37  3:57  Marine x2  
  37  4:02  Marauder  
  41  4:12  SCV  
  41  4:14  Medivac  
  44  4:20  Marine x2  
  46  4:26  Marauder  
  46  4:28  Widow Mine  
  50  4:33  Supply Depot  
  50  4:34  SCV  
  50  4:37  SCV  
  52  4:44  Marine  
  52  4:45  Marine  
  54  4:55  Medivac  
  54  4:56  Supply Depot  
  54  4:57  SCV x2  
  58  5:01  Marauder  
  58  5:04  Marine x2  
  62  5:15  Refinery  
  62  5:16  Refinery  
  62  5:17  Widow Mine  
  62  5:18  SCV x2  
  66  5:21  Supply Depot  
  66  5:37  Barracks  
  66  5:39  Barracks  
  60  5:51  Stimpack  
  60  5:52  Marine  
  60  5:53  Marine, Marauder  
  59  6:12  Marine x2  
  59  6:14  Factory Tech Lab  
  59  6:15  Starport Reactor  
  61  6:20  SCV  
  61  6:21  SCV  
  63  6:32  SCV  
  63  6:33  SCV  
  65  6:47  Barracks  
  57  7:10  Marine x2, Marauder  
  57  7:13  SCV x2  
  63  7:23  Supply Depot  
  63  7:25  SCV x2  
  65  7:45  Supply Depot, Medivac  
  65  7:46  Medivac  
  65  7:47  Barracks Reactor x2  
  65  7:48  Barracks Tech Lab  
  65  7:49  Marine x2, Marauder  
  73  7:52  Siege Tank  
  73  7:56  SCV x2  
  78  8:04  Command Center  
  78  8:06  Marine  
  78  8:07  Marine  
  80  8:18  Marauder  
  80  8:19  Marauder  
Show
View Real Time Build Order
Export as new Build Order

Fropez Protoss - Winner!

Build Orders:  

Get SALT Encoding   

  12  0:02  Probe (Chrono Boost)  
  13  0:20  Pylon  
  13  0:22  Probe (Chrono Boost)  
  14  0:32  Probe (Chrono Boost)  
  15  0:40  Gateway  
  15  0:43  Probe (Chrono Boost)  
  15  0:49  Assimilator  
  16  0:53  Probe (Chrono Boost)  
  17  1:04  Probe (Chrono Boost)  
  18  1:19  Pylon  
  18  1:22  Probe (Chrono Boost)  
  19  1:32  Probe (Chrono Boost)  
  20  1:34  Cybernetics Core  
  20  1:53  Nexus  
  20  1:55  Assimilator  
  20  1:57  Probe (Chrono Boost)  
  21  2:07  Pylon  
  21  2:10  Probe (Chrono Boost)  
  21  2:13  Warp Gate (Chrono Boost)  
  22  2:29  Adept  
  24  2:32  Pylon  
  24  2:33  Mothership Core  
  26  2:49  Pylon  
  26  2:54  Probe  
  27  3:06  Probe  
  27  3:08  Twilight Council  
  27  3:10  Probe  
  29  3:14  Pylon  
  29  3:27  Gateway  
  29  3:36  Gateway  
  29  3:46  Resonating Glaives (Chrono Boost)  
  29  3:55  Pylon, Probe  
  30  3:57  Gateway  
  30  3:59  Probe  
  31  4:15  Gateway  
  31  4:18  Gateway  
  31  4:19  Probe  
  32  4:37  Probe  
  32  4:39  Probe  
  32  4:40  Dark Shrine  
  34  4:46  Adept x2  
  38  4:54  Probe  
  38  4:55  Assimilator  
  38  4:58  Assimilator  
  39  5:00  Probe  
  39  5:04  Pylon  
  40  5:08  Adept  
  40  5:10  Adept  
  44  5:15  Adept  
  42  6:03  Adept  
  42  6:04  Adept x4  
  50  6:14  Gateway  
  50  6:18  Gateway  
  46  6:20  Pylon  
  46  6:23  Probe x2  
  48  6:29  Robotics Facility  
  48  6:32  Adept x2, Robotics Facility  
  52  6:33  Adept x2  
  56  6:42  Probe  
  51  7:12  Probe  
  51  7:13  Probe  
  41  7:23  Probe  
  41  7:24  Pylon  
  41  7:25  Probe, Immortal (Chrono Boost)  
  51  7:30  Immortal (Chrono Boost)  
  51  7:39  Robotics Bay  
  51  7:42  Probe  
  52  7:51  Pylon, Dark Templar x2  
  52  7:52  Dark Templar x3  
  62  8:00  Adept x2  
  64  8:23  Dark Templar  
  64  8:24  Dark Templar  
Tags
 
League
GoldGold
Matchup
PvT
Replay Pack
All Mines
Spawn Locations
Cross Positions
Add a new tag
Caveats
  • Supply blocks, unpowered buildings, or Contaminate may cause inaccurate times.
  • Supply counts are checked every 10 seconds.